 Dungeon Crawl Stone Soup version 0.24-b1-30-g840c9efd86 (webtiles) character file.

Game seed: 16319869028396256410, levelgen mode: deterministic

57808 Goblin1989 the Cleaver (level 14, 0/130 HPs)
             Began as a Deep Dwarf Fighter on Oct 25, 2019.
             Was the Champion of Makhleb.
             Slain by a tyrant leech (36 damage)
             ... on level 1 of the Swamp.
             The game lasted 00:31:36 (14008 turns).

Goblin1989 the Cleaver (Deep Dwarf Fighter)        Turns: 14008, Time: 00:31:37

Health: 0/130      AC: 22    Str: 24    XL:     14   Next: 47%
Magic:  6/6        EV: 16    Int: 13    God:    Makhleb [******]
Gold:   1241       SH:  0    Dex:  9    Spells: 13/13 levels left

rFire    + . .     SeeInvis .   V - +7 mace of Variability {chain chaos}
rCold    + + .     Gourm    .   (shield currently unavailable)
rNeg     + . .     Faith    .   S - +3 plate armour "Buibuimu" {rC+ Int+3 Dex-3}
rPois    .         Spirit   .   Y - +2 helmet
rElec    .         Reflect  .   B - scarf {rC+ rF+}
rCorr    +         Harm     +   m - +0 pair of gloves
MR       ++...                  (no boots)
Stlth    ..........             v - amulet of harm
HPRegen  0.00/turn              g - ring of resist corrosion
MPRegen  0.10/turn              n - +5 ring of evasion {=R}

@: non-regenerating
A: damage resistance, heal wounds, talons 1, negative energy resistance 1, sense
surroundings 2, subdued magic 1, no regeneration
a: Heal Wounds, Minor Destruction, Lesser Servant of Makhleb, Major Destruction,
Greater Servant of Makhleb, Renounce Religion


You were on level 1 of the Swamp.
You worshipped Makhleb.
Makhleb was exalted by your worship.
You were not hungry.

You visited 4 branches of the dungeon, and saw 19 of its levels.
You also visited: Ice Cave.

You collected 1241 gold pieces.

Inventory:

Hand Weapons
 V - the +7 mace of Variability (weapon) {chain chaos}
   (You found it on level 11 of the Dungeon)

   Each time it hits an enemy it has a different, random effect.
Missiles
 Z - 2 throwing nets (quivered) {!d , @Q1}
Armour
 m - a +0 pair of gloves (worn)
 B - a scarf of resistance (worn)
 S - the +3 plate armour "Buibuimu" (worn) {rC+ Int+3 Dex-3}
   (You found it on level 10 of the Dungeon)

   It affects your intelligence (+3).
   It affects your dexterity (-3).
   It protects you from cold.
 X - quicksilver dragon scales
 Y - a +2 helmet (worn)
Jewellery
 g - a ring of resist corrosion (left hand)
 n - a +5 ring of evasion (right hand) {=R}
 s - an uncursed ring of see invisible
 v - an amulet of harm (around neck)
 P - an uncursed ring of ice
Wands
 C - a wand of flame (16) {@v6}
 K - a wand of iceblast (7) {@v4}
Scrolls
 i - 6 scrolls of fear {unknown}
 j - 2 scrolls of blinking {unknown}
 o - 2 scrolls of enchant weapon {unknown}
 r - 4 scrolls of magic mapping {unknown}
 u - 2 scrolls of immolation {unknown}
 w - 4 scrolls of remove curse {unknown}
 y - 5 scrolls of fog {unknown}
 A - 2 scrolls of silence {unknown}
 D - 4 scrolls of amnesia
 E - 10 scrolls of teleportation {unknown}
 L - 2 scrolls of random uselessness {unknown}
 Q - a scroll of acquirement {unknown}
 R - 6 scrolls of identify {@r1}
 T - a scroll of noise {unknown}
 W - 3 scrolls of vulnerability {unknown}
Potions
 k - 2 potions of agility
 q - 15 potions of curing {@q1}
 t - 2 potions of brilliance
 z - 2 potions of haste
 F - 2 potions of mutation {!q}
 G - a potion of might {@q4}
 I - a potion of heal wounds {@q2}
 J - a potion of flight
 N - 2 potions of lignification
 O - a potion of berserk rage
Comestibles
 f - 49 rations


   Skills:
 + Level 9.7 Fighting
   Level 14.5(15.8) Axes
 * Level 10.4(13.2) Maces & Flails
 + Level 10.9 Armour
 + Level 9.4 Dodging
 - Level 0.5 Stealth
   Level 8.5 Shields
 - Level 10.4 Invocations
 + Level 2.0 Evocations


You had 13 spell levels left.
You didn't know any spells.
Your spell library contained the following spells:

 Spells                   Type           Power        Failure   Level  Hunger
 Confusing Touch          Hex            #.....       96%         1    ##.....
 Flame Tongue             Conj/Fire      #....        96%         1    ##.....
 Corpse Rot               Necr           N/A          99%         2    ###....
 Sublimation of Blood     Necr           #.........   99%         2    ###....
 Throw Flame              Conj/Fire      #.....       99%         2    ###....
 Confuse                  Hex            #.......     100%        3    ####...
 Conjure Flame            Conj/Fire      #.......     100%        3    ####...
 Gell's Gravitas          Tloc           #.........   100%        3    ####...
 Inner Flame              Hex/Fire       #.......     100%        3    ####...
 Petrify                  Tmut/Erth      #.......     100%        4    #####..
 Sticky Flame             Conj/Fire      #.......     100%        4    #####..
 Agony                    Necr           #.......     100%        5    ######.
 Bolt of Draining         Conj/Necr      #.........   100%        5    ######.
 Dispel Undead            Necr           #.......     100%        5    ######.
 Excruciating Wounds      Chrm/Necr      #.........   100%        5    ######.
 Fireball                 Conj/Fire      #.........   100%        5    ######.
 Metabolic Englaciation   Hex/Ice        #.........   100%        5    ######.
 Yara's Violent Unravell  Hex/Tmut       #.........   100%        5    ######.


Dungeon Overview and Level Annotations

Branches:
Dungeon (11/15)            Temple (1/1) D:6            Lair (6/6) D:11
  Swamp (1/4) Lair:4       Spider (0/4) Lair:4        Slime (0/5) Lair:5
    Orc (0/2) D:10          IceCv (visited)

Altars:
Ashenzari
Cheibriados
Elyvilon
Fedhas
Gozag
Hepliaklqana
Kikubaaqudgha
Makhleb
Nemelex Xobeh
Okawaru
Ru
Sif Muna
Trog
Wu Jian
Xom
Zin
The Shining One
Jiyva

Annotations:
D:11 2 runed translucent doors, Flakmanz's ghost, journeyman MiAr


Innate Abilities, Weirdness & Mutations

You are resistant to damage.
You can heal yourself by infusing magical energy.
You resist negative energy. (rN+)
You passively map the area around you.
You do not regenerate.
You have sharp toenails.
Your spells are a little easier to cast, but a little less powerful.


Message History

The five-headed hydra bites you! The five-headed hydra bites you.
The five-headed hydra closely misses you.
You regained 3 hp, and now have 84/129 hp.
You sock the five-headed hydra!
You kill the five-headed hydra!
Makhleb accepts your kill. The bog body hits you.
The bog body barely misses you. The alligator closely misses you.
The alligator tail-slaps you but does no damage.
The tyrant leech bites you.
The tyrant leech draws strength from your injuries!
You closely miss the bog body. You claw the bog body.
The bog body is lightly damaged.
The bog body hits you but does no damage.
The bog body closely misses you. The alligator bites you!
The alligator barely misses you. The tyrant leech barely misses you.
You take 13 damage, and have 72/130 hp.
You bludgeon the bog body!! You burn the bog body.
You destroy the bog body!
Makhleb accepts your kill.
You feel better. The alligator bites you. The alligator misses you.
The alligator barely misses you. x2
The tyrant leech bites you but does no damage.
You regained 9 hp, and now have 81/130 hp.
You bludgeon the alligator!!
The alligator looks as sick as possible!
You claw the alligator!
The alligator is severely wounded.
The alligator bites you but does no damage.
The alligator completely misses you.
Unknown command.
You bludgeon the alligator!! You burn the alligator.
Your kick misses the alligator.
The alligator is almost dead.
You kill the alligator!
Makhleb accepts your kill.
You feel better.
Your Evocations skill increases to level 2!
The tyrant leech bites you!
The tyrant leech draws strength from your injuries!
You take 2 damage, and have 79/130 hp.
Your plate armour "Buibuimu" prevents you from hitting the tyrant leech.
Your kick misses the tyrant leech. The tyrant leech completely misses you.
Unknown command.
You closely miss the tyrant leech. Your kick misses the tyrant leech.
The tyrant leech barely misses you.
Unknown command.
You barely miss the tyrant leech.
The tyrant leech bites you but does no damage.
Unknown command.
Unknown command.
You bludgeon the tyrant leech!! You freeze the tyrant leech!
Your kick misses the tyrant leech.
The tyrant leech is almost dead.
The tyrant leech bites you!
The tyrant leech draws strength from your injuries!
You take 16 damage, and have 63/130 hp.
Unknown command.
You closely miss the tyrant leech.
The tyrant leech is almost dead.
Unknown command.
You closely miss the tyrant leech.
The tyrant leech is almost dead.
The tyrant leech bites you.
The tyrant leech draws strength from your injuries!
You take 4 damage, and have 59/130 hp.
Unknown command.
You closely miss the tyrant leech. Your kick misses the tyrant leech.
The tyrant leech is severely wounded.
The tyrant leech bites you but does no damage.
Unknown command.
You closely miss the tyrant leech. Your kick misses the tyrant leech.
The tyrant leech is severely wounded.
The tyrant leech bites you!!
* * * LOW HITPOINT WARNING * * *
The tyrant leech draws strength from your injuries!
You take 23 damage, and have 36/130 hp.
Unknown command.
You are too injured to fight recklessly!
Unknown command.
You are too injured to fight recklessly!
Unknown command.
You are too injured to fight recklessly!
Unknown command.
You hit the tyrant leech.
The tyrant leech goes berserk!
Your kick misses the tyrant leech.
The tyrant leech is severely wounded.
A tyrant leech comes into view.
The tyrant leech closely misses you.
You hit the tyrant leech.
The tyrant leech is severely wounded.
The tyrant leech bites you.
You bludgeon the tyrant leech!!
You smell something strange.
Your kick misses the tyrant leech.
The tyrant leech is almost dead.
The tyrant leech completely misses you.
You barely miss the tyrant leech. Your kick misses the tyrant leech.
The tyrant leech is almost dead.
The tyrant leech misses you. The tyrant leech bites you!!
You die...

· ≈ · ▓ ≈
·...♣♣.. ▓ · ▓
≈ · ·..>....
▓· · ·
▓▓♣♣.....≈. ·
▓ ♣♣...≈.≈≈.·
· · ≈ · ·
▓♣..≈≈≈≈≈≈≈··≈
≈≈≈ ..≈≈≈≈≈§.
· ≈ ≈
♣≈†.≈≈≈.≈ ≈···
≈ ▓ ♣♣@w...♣♣♣
≈ · ·· ▓
♣.<...≈≈.≈▓ ·
· ▓ ▓
♣.≈w.≈.§≈.. ▓
≈ ▓
♣♣.≈....(.. ≈
▓ ≈ · ·
▓♣♣≈....≈..≈ ≈
· ....§≈≈≈≈ ·
·≈ ·▓
.≈≈≈≈≈≈≈≈≈ ≈ ≈
· ·≈♣.≈≈≈≈..
≈≈ · · ·..
≈.≈≈...≈ ≈ ≈


You could see 2 tyrant leeches.

Vanquished Creatures
  Rupert (Lair:3)
  Josephine (D:11)
  A fire dragon (Lair:6)
  7 hydras
  2 alligators
  2 two-headed ogres
  A death yak (Lair:4)
  Nergalle (D:10)
  A swamp dragon (Lair:6)
  2 necromancers
  Pikel (D:5)
  3 ice statues (IceCv)
  8 spiny frogs
  2 black mambas
  11 komodo dragons
  5 rime drakes
  4 ice devils (IceCv)
  2 trolls
  A hornet (D:11)
  8 polar bears (Lair:6)
  2 queen bees
  3 raiju (Lair:6)
  5 hippogriffs
  10 blink frogs
  16 dream sheep
  A bog body (Swamp:1)
  5 wraiths (D:11)
  3 wyverns
  A fire bat (Lair:3)
  38 yaks
  2 steam dragons (Lair:6)
  3 basilisks
  2 chaos spawn (D:11)
  Menkaure (D:5)
  A swamp worm (Lair:4)
  6 wargs (Lair:6)
  Edmund (D:6)
  5 porcupines
  18 water moccasins
  11 hell hounds (Lair:6)
  8 orc warriors
  2 sky beasts (D:10)
  An eye of draining (D:10)
  2 ice beasts
  4 slaves (D:5)
  11 black bears
  An elephant zombie (Lair:4)
  4 phantoms
  26 wolves
  6 centaurs
  6 ogres
  16 crocodiles
  A wyvern zombie (D:8)
  A big kobold (D:10)
  17 bullfrogs
  4 scorpions
  48 killer bees
  8 wights
  2 howler monkeys
  An electric eel (Lair:4)
  4 crimson imps
  3 centaur zombies
  3 bullfrog zombies
  2 quasits
  2 basilisk zombies (Lair:4)
  3 draconian simulacra (IceCv)
  3 hounds
  6 jellies
  13 orc priests
  3 bullfrog skeletons
  5 orc wizards
  3 centaur skeletons
  7 iguanas
  Jessica (D:2)
  Natasha (twice) (D:2)
  9 worker ants
  A spriggan simulacrum (IceCv)
  2 troll simulacra (IceCv)
  A centaur simulacrum (IceCv)
  2 hound zombies
  A hound skeleton (D:7)
  2 howler monkey zombies (D:5)
  11 adders
  4 gnolls (D:3)
  2 naga simulacra (IceCv)
  An ogre simulacrum (IceCv)
  2 shadow imps
  An ooze (D:2)
  An adder zombie (D:5)
  2 adder skeletons
  5 worms
  4 dart slugs
  6 leopard geckos
  40 orcs
  2 bats
  6 giant cockroaches
  13 goblins
  9 hobgoblins
  6 jackals
  21 kobolds
  3 quokkas
  6 frilled lizards
  2 leopard gecko skeletons
  A leopard gecko zombie (D:5)
  A quokka zombie (D:5)
  6 rats
  2 plants
602 creatures vanquished.

Vanquished Creatures (collateral kills)
  A rime drake (Lair:6)
  A steam dragon (Lair:6)
  A hell hound (Lair:6)
  A porcupine (Lair:2)
  A black bear (Lair:6)
  An iguana (Lair:6)
6 creatures vanquished.

Vanquished Creatures (others)
  A spiny frog (Lair:5)
  A polar bear (Lair:6)
  A water moccasin (Lair:6)
  2 fire vortices (Lair:3)
  20 plants
25 creatures vanquished.

Grand Total: 633 creatures vanquished

Notes
Turn   | Place    | Note
-------+----------+-------------------------------------------
     0 | D:1      | Goblin1989 the Deep Dwarf Fighter began the quest for the
                  | Orb.
     0 | D:1      | Reached XP level 1. HP: 20/20 MP: 1/1
    35 | D:1      | Reached XP level 2. HP: 22/27 MP: 2/2
   271 | D:1      | Reached XP level 3. HP: 20/34 MP: 3/3
   563 | D:2      | Reached skill level 3 in Axes
   787 | D:2      | Noticed Natasha
   802 | D:2      | Killed Natasha
   802 | D:2      | Reached XP level 4. HP: 29/42 MP: 4/4
   948 | D:2      | Noticed Natasha
   963 | D:2      | Killed Natasha
   963 | D:2      | Reached skill level 4 in Axes
  1076 | D:2      | Noticed Jessica
  1080 | D:2      | Killed Jessica
  1080 | D:2      | Reached XP level 5. HP: 47/49 MP: 4/4
  1198 | D:3      | Found a blossoming altar of Fedhas.
  1227 | D:3      | Reached skill level 5 in Axes
  1423 | D:3      | Reached XP level 6. HP: 48/56 MP: 5/5
  1856 | D:4      | Reached skill level 1 in Dodging
  2022 | D:4      | Reached skill level 6 in Axes
  2160 | D:4      | Reached XP level 7. HP: 48/62 MP: 6/6
  2471 | D:5      | Entered Level 5 of the Dungeon
  2478 | D:5      | Noticed Pikel
  2500 | D:5      | Killed Pikel
  2500 | D:5      | Reached skill level 8 in Axes
  2501 | D:5      | Reached XP level 8. HP: 45/72 MP: 7/7
  2617 | D:5      | Noticed Menkaure
  2624 | D:5      | Killed Menkaure
  2624 | D:5      | Reached skill level 5 in Shields
  2628 | D:5      | Reached skill level 9 in Axes
  2838 | D:5      | Reached skill level 5 in Armour
  3014 | D:6      | Reached skill level 10 in Axes
  3184 | D:6      | Gained mutation: You passively map the area around you.
                  | [Deep Dwarf growth]
  3184 | D:6      | Reached XP level 9. HP: 57/79 MP: 8/8
  3192 | D:6      | Found a staircase to the Ecumenical Temple.
  3212 | Temple   | Entered the Ecumenical Temple
  3220 | Temple   | Became a worshipper of Makhleb the Destroyer
  3269 | D:6      | Noticed Edmund
  3282 | D:6      | Killed Edmund
  3621 | D:6      | Found an opulent altar of Gozag.
  3625 | D:6      | Reached skill level 11 in Axes
  4330 | D:7      | Noticed a troll
  4347 | D:7      | Killed a troll
  4347 | D:7      | Reached skill level 5 in Fighting
  4372 | D:7      | Reached * piety under Makhleb
  4461 | D:7      | Reached skill level 12 in Axes
  4718 | D:8      | Found a white marble altar of Elyvilon.
  4718 | D:8      | Found an ancient bone altar of Kikubaaqudgha.
  4877 | D:8      | Reached XP level 10. HP: 48/88 MP: 8/8
  5000 | D:8      | Noticed a two-headed ogre
  5021 | D:8      | Killed a two-headed ogre
  5021 | D:8      | Reached skill level 13 in Axes
  5302 | D:8      | Found a sacrificial altar of Ru.
  5323 | D:9      | Found a bloodstained altar of Trog.
  5742 | D:9      | Found a shattered altar of Ashenzari.
  5766 | D:9      | Reached ** piety under Makhleb
  5776 | D:9      | Reached skill level 1 in Invocations
  5914 | D:9      | Found a glowing silver altar of Zin.
  6074 | D:10     | Entered Level 10 of the Dungeon
  6074 | D:10     | Noticed Nergalle
  6100 | D:10     | Killed Nergalle
  6102 | D:10     | Got a warped plate armour
  6113 | D:10     | Identified the +3 plate armour "Buibuimu" {rC+ Int+3 Dex-3}
                  | (You found it on level 10 of the Dungeon)
  6176 | D:10     | Reached XP level 11. HP: 93/97 MP: 7/7
  6451 | D:10     | Reached *** piety under Makhleb
  6457 | D:10     | Reached skill level 14 in Axes
  6617 | D:10     | Found a staircase to the Orcish Mines.
  6939 | D:10     | Noticed a two-headed ogre
  6962 | D:10     | Killed a two-headed ogre
  7164 | D:11     | Found a large runed translucent door.
  7164 | D:11     | Found a large runed translucent door.
  7164 | D:11     | Found a staircase to the Lair.
  7164 | D:11     | Noticed Flakmanz's ghost (journeyman MiAr)
  7178 | D:11     | Noticed Josephine
  7201 | D:11     | Killed Josephine
  7209 | D:11     | Reached **** piety under Makhleb
  7299 | D:11     | Found a shimmering altar of Xom.
  7300 | D:11     | Found the +7 mace of Variability {chain chaos}
  7309 | D:11     | Reached skill level 5 in Invocations
  7463 | D:11     | Paralysed by a hornet for 1 turns
  7466 | D:11     | Reached skill level 1 in Maces & Flails
  7592 | D:11     | Reached skill level 5 in Dodging
  7904 | Lair:1   | Entered Level 1 of the Lair of Beasts
  8038 | Lair:1   | Reached XP level 12. HP: 109/109 MP: 7/7
  8259 | Lair:1   | Reached ***** piety under Makhleb
  8837 | Lair:1   | Gained mutation: Your spells are a little easier to cast,
                  | but a little less powerful. [potion of mutation]
  8837 | Lair:1   | Gained mutation: You have sharp toenails. [potion of
                  | mutation]
  9182 | Lair:2   | Found a frozen archway.
  9238 | IceCv    | Entered an ice cave
  9385 | IceCv    | Reached skill level 5 in Maces & Flails
 10177 | Lair:3   | Noticed Rupert
 10201 | Lair:3   | Killed Rupert
 10262 | Lair:3   | Reached XP level 13. HP: 117/117 MP: 9/9
 10768 | Lair:4   | Found a hole to the Spider Nest.
 10895 | Lair:4   | Found a glowing golden altar of the Shining One.
 11275 | Lair:4   | Found a staircase to the Swamp.
 11360 | Lair:4   | Got a slimy dagger
 11678 | Lair:5   | Reached ****** piety under Makhleb
 11762 | Lair:5   | Found a staircase to the Slime Pits.
 11763 | Lair:5   | Found a viscous altar of Jiyva.
 12054 | Lair:5   | Reached skill level 10 in Armour
 12331 | Lair:6   | Entered Level 6 of the Lair of Beasts
 12714 | Lair:6   | Gained mutation: You resist negative energy. (rN+) [Deep
                  | Dwarf growth]
 12714 | Lair:6   | Reached XP level 14. HP: 129/129 MP: 9/9
 12719 | Lair:6   | Reached skill level 10 in Invocations
 13043 | Lair:6   | Reached skill level 10 in Maces & Flails
 13735 | Lair:6   | Reached skill level 1 in Evocations
 13983 | Swamp:1  | Entered Level 1 of the Swamp
 14008 | Swamp:1  | Slain by a tyrant leech

Skill      XL: |  1  2  3  4  5  6  7  8  9 10 11 12 13 14 |
---------------+-------------------------------------------+-----
Fighting       | 3 4 5 6 7 8 9 |  9.7
Axes           | 3 4 5 6 8 10 12 13 14 | 14.5
Armour         | 4 5 6 7 9 10 | 10.9
Shields        | 4 5 6 7 8 |  8.5
Dodging        | 1 3 5 7 8 9 |  9.4
Invocations    | 2 5 8 9 10 | 10.4
Maces & Flails | 2 6 9 10 | 10.4
Evocations     | 2 |  2.0
Stealth        | |  0.5

Action                   |  1- 3 |  4- 6 |  7- 9 | 10-12 | 13-15 || total
-------------------------+-------+-------+-------+-------+-------++-------
Melee: War axe           |    96 |   189 |   344 |   448 |       ||  1077
       Broad axe         |       |       |       |   119 |       ||   119
       Great mace        |       |       |       |   331 |   483 ||   814
       Kick              |       |       |       |    45 |   104 ||   149
Invok: Lesser Servant of |       |       |       |       |     2 ||     2
 Abil: Heal Wounds       |     1 |     3 |     6 |    22 |    14 ||    46
  Use: Potion            |       |       |     1 |    12 |     1 ||    14
       Scroll            |       |       |       |     8 |       ||     8
 Stab: Petrified         |       |       |       |     3 |       ||     3
       Petrifying        |       |       |       |     1 |     1 ||     2
       Confused          |       |       |       |     2 |     1 ||     3
       Paralysed         |       |       |       |     1 |     3 ||     4
  Eat: Chunk             |       |     5 |     9 |    15 |    13 ||    42
       Ration            |       |       |       |     1 |       ||     1
Armor: Scale mail        |    31 |    52 |       |       |       ||    83
       Plate armour      |       |       |   200 |   421 |   482 ||  1103
Dodge: Dodged            |    45 |    94 |   165 |   598 |   666 ||  1568
Block: Shield            |    41 |   104 |   254 |   335 |       ||   734

Levels and vault maps discovered:
D:1:      ebering_trefoil_3fold, layout_basic, minmay_tetromino_i4
D:2:      layout_basic, first_ration, minmay_statues_item, roderic_lattice_a,
          hangedman_decor_slide_cut, minmay_goblin_kobold_house, uniq_natasha,
          uniq_jessica
D:3:      layout_loops_cross, lemuel_doored_altar, minmay_misc_feat_iff
D:4:      layout_loops_ring
D:5:      layout_cave_pools, serial_undead, serial_undead_e, serial_undead_c,
          serial_undead_f, serial_undead_b, uniq_menkaure, uniq_pikel
D:6:      layout_basic, grunt_gozag_breadcrumbs, minmay_temple_entry_trees,
          uniq_edmund
D:7:      layout_gridville
D:8:      layout_loops_ring, kennysheep_mini_moat,
          chequers_temple_overflow_statue_of_worship
D:9:      layout_loops_ring, lemuel_round_altar, lemuel_coloured_pillars_altar,
          cheibrodos_ashenzari_chains
D:10:     layout_small_grid, orc_0_dummy, david_nohive_1,
          chequers_serial_rivers_room_a, uniq_nergalle
D:11:     layout_roguey, lair_entry_dummy, ebering_ghost_disaster_area,
          minmay_guarded_unrand_variability, uniq_josephine
Temple:   eino_temple_lava
Lair:1:   layout_cave_pods, special_room [special_room_bee], lemuel_fruit_tree,
          grunt_megastairs_2
Lair:2:   layout_layer_cave, portal_ice_cave_entry_pillars_1
Lair:3:   layout_misc_corridors, uniq_rupert
Lair:4:   pond_and_an_island_with_a_cottage, layout_gridlike,
          palyth_hydra_swamp_entry, spider_nest_entry_web_field, basic_altar,
          serial_bayou_shore_a
Lair:5:   layout_regular_city, slime_altar_1, grunt_megastairs_3
Lair:6:   hangedman_lair_caniforms_friends, layout_regular_city,
          guppyfry_lair_end_dragon
Swamp:1:  layout_basic_swamp, serial_swamp_ruin, evilmike_swamp_ruin_house_3,
          evilmike_swamp_ruin_rubble_1, hangedman_swamp_ruin_wall
